[Event "FIDE Rating Open 2024"]
[Site "Dhaka"]
[Date "2024.01.20"]
[Round "6.1"]
[White "Rahman, Ziaur"]
[Black "Mohammad Minhaz Uddin"]
[Result "1/2-1/2"]
[ECO "A29"]
[WhiteElo "2428"]
[BlackElo "2224"]
[Annotator "RC"]
[PlyCount "86"]
[EventDate "2024.01.16"]
[EventType "swiss"]
[EventCountry "BAN"]
[SourceTitle "playchess.com"]
[Source "ChessBase"]
[SourceQuality "1"]
[TimeControl "5400+30"]

1. c4 Nf6 2. g3 e5 3. Bg2 d5 4. cxd5 Nxd5 5. Nf3 Nc6 6. O-O Nb6 7. d3 Be7 8. Nc3 O-O 9. a3 Be6 10. b4 Nd4 11. Bb2 Bb3 12. Qc1 a5 13. b5 Bd5 14. Nxd4 Bxg2 15. Ne6 Qc8 16. Nxf8 Bxf1 17. Qxf1 Bxf8 18. Qg2 c5 19. Qe4 f6 20. Nd5 Nxd5 21. Qxd5+ Kh8 22. a4 Qc7 23. Rc1 Rd8 24. Qf3 b6 25. Rc4 Kg8 26. h4 Qf7 27. g4 Qd5 28. Qe3 Bd6 29. f3 Rf8 30. Kf1 h6 31. Ke1 g5 32. Kd1 Rd8 33. Kc2 Bf8 34. Qf2 Qe6 35. Bc3 Rd7 36. h5 Bg7 37. Qe3 Qd5 38. Qe4 Qxe4 39. fxe4 Bf8 40. e3 Bd6 41. d4 Rc7 42. Kd3 Kf7 43. Bb2 Ke6 1/2-1/2

[Event "FIDE Rating Open 2024"]
[Site "Dhaka"]
[Date "2024.01.20"]
[Round "6.2"]
[White "Zia, Tahsin Tajwar"]
[Black "Ahmed, Sheikh Nasir"]
[Result "1-0"]
[ECO "E05"]
[WhiteElo "2275"]
[BlackElo "2182"]
[Annotator "RC"]
[PlyCount "159"]
[EventDate "2024.01.16"]
[EventType "swiss"]
[EventCountry "BAN"]
[SourceTitle "playchess.com"]
[Source "ChessBase"]
[SourceQuality "1"]
[TimeControl "5400+30"]

1. d4 Nf6 2. c4 e6 3. g3 d5 4. Bg2 Be7 5. Nf3 O-O 6. O-O dxc4 7. Qc2 a6 8. a4 Bd7 9. Rd1 Bc6 10. Nc3 a5 11. e4 Na6 12. Ne5 Nb4 13. Qe2 Nd7 14. Nxc4 Nb6 15. Nxb6 cxb6 16. d5 exd5 17. exd5 Bd7 18. d6 Bf6 19. Be3 Bc6 20. d7 Bg5 21. f4 Be7 22. Qf2 Bxd7 23. Bxb7 Rb8 24. Bf3 Qc8 25. Rac1 Bc5 26. Bxc5 bxc5 27. Rd6 c4 28. Nd5 Nxd5 29. Bxd5 Rb4 30. Qd4 Bxa4 31. Bxf7+ Kh8 32. Be6 Qb7 33. Rd8 Qe7 34. Rxf8+ Qxf8 35. Rxc4 Rxc4 36. Qxc4 Qe8 37. Qc8 Qxc8 38. Bxc8 Kg8 39. Kf2 Kf7 40. Ke3 Ke7 41. Kd4 Kd6 42. g4 Bb3 43. g5 h6 44. gxh6 gxh6 45. Ba6 Be6 46. Bd3 Bb3 47. f5 Bf7 48. Bc4 Be8 49. f6 Bg6 50. Kc3 Bf5 51. Bg8 Bd7 52. Kd4 Bc6 53. Ke3 Ba4 54. Kf4 Bc2 55. Bc4 Bg6 56. Bb3 Bd3 57. Ke3 Bf5 58. Kd4 Bg4 59. f7 Ke7 60. Kc5 Bd7 61. Bc4 a4 62. Bb5 Be6 63. Bxa4 Bxf7 64. b4 Bg6 65. b5 Kd7 66. b6+ Kc8 67. Bc6 Bd3 68. Kd6 Be2 69. h4 Kb8 70. Ke5 Bd1 71. Kf6 Be2 72. Kg6 h5 73. Kg5 Bd1 74. Bd5 Be2 75. Bc6 Bd1 76. Be8 Kb7 77. Bxh5 Bb3 78. Bg4 Bf7 79. Bf5 Kxb6 80. Bg6 1-0

[Event "FIDE Rating Open 2024"]
[Site "Dhaka"]
[Date "2024.01.20"]
[Round "6.3"]
[White "Subrota, Biswas"]
[Black "Rahman, Syed Mahfuzur"]
[Result "1-0"]
[ECO "B31"]
[WhiteElo "2223"]
[BlackElo "2087"]
[Annotator "ChessBase"]
[PlyCount "123"]
[EventDate "2024.01.16"]
[EventType "swiss"]
[EventCountry "BAN"]
[SourceTitle "playchess.com"]
[Source "ChessBase"]
[SourceQuality "1"]
[TimeControl "5400+30"]

1. e4 c5 2. Nf3 Nc6 3. Bb5 g6 4. O-O Bg7 5. c3 e5 6. d4 exd4 7. cxd4 cxd4 8. Bf4 a6 9. Ba4 Nge7 10. Bd6 b5 11. Bb3 O-O 12. a4 Bb7 13. Nbd2 Na5 14. Ba2 Bc6 15. axb5 axb5 16. Ne5 Nb7 17. Nxf7 Rxf7 18. Bxe7 Qxe7 19. Bxf7+ Kxf7 20. Rxa8 Nc5 21. Rc8 Bb7 22. Qf3+ Bf6 23. Rc7 Qe5 24. Qg3 Bc6 25. Ra7 Qxg3 26. fxg3 Ke7 27. Ra3 Bg5 28. Nf3 Be3+ 29. Rxe3 dxe3 30. Re1 Nd3 31. Re2 Kf6 32. b3 Bxe4 33. Rxe3 d5 34. Kf1 b4 35. Ke2 Nc5 36. Kd2 g5 37. g4 h6 38. g3 Nd7 39. Nd4 Ne5 40. h3 Bg2 41. Re2 Bxh3 42. Rh2 Bxg4 43. Rxh6+ Ng6 44. Rh7 Ne7 45. Rh6+ Ng6 46. Ke3 Kg7 47. Rh1 Ne5 48. Ra1 Bd7 49. Ra6 Ng4+ 50. Kf3 Nf6 51. Rb6 Bg4+ 52. Kg2 Ne4 53. Rb5 Nc3 54. Rxb4 Kf6 55. Nc6 Bd7 56. Rb6 Kf5 57. Kf3 g4+ 58. Ke3 Ne4 59. Nd4+ Ke5 60. Rb7 Bc8 61. Rc7 Ba6 62. Rc6 1-0

[Event "FIDE Rating Open 2024"]
[Site "Dhaka"]
[Date "2024.01.20"]
[Round "6.4"]
[White "Anata, Choudhury"]
[Black "Masum, Hossain"]
[Result "1-0"]
[ECO "B90"]
[WhiteElo "2196"]
[BlackElo "1987"]
[Annotator "RC"]
[PlyCount "90"]
[EventDate "2024.01.16"]
[EventType "swiss"]
[EventCountry "BAN"]
[SourceTitle "playchess.com"]
[Source "ChessBase"]
[SourceQuality "1"]
[TimeControl "5400+30"]

1. e4 c5 2. Nf3 d6 3. d4 cxd4 4. Nxd4 Nf6 5. Nc3 a6 6. h3 e5 7. Nf3 b5 8. Bg5 Bb7 9. a4 b4 10. Nd5 Bxd5 11. Bxf6 Qxf6 12. Qxd5 Ra7 13. Bc4 Be7 14. O-O O-O 15. Rfd1 Rc8 16. Nd2 Nc6 17. Qd3 Nd4 18. Nf1 Ne6 19. Ne3 Nf4 20. Qf1 Qg6 21. g3 a5 22. Kh2 Qxe4 23. gxf4 Qxf4+ 24. Kg1 Bf8 25. b3 Kh8 26. Nd5 Qh4 27. Qd3 g6 28. Qg3 Qd8 29. Qe3 Rca8 30. Bb5 f5 31. Bc6 f4 32. Qb6 Qg5+ 33. Kh2 Ra6 34. Qb5 Qh4 35. Rf1 g5 36. Bxa8 g4 37. Nxf4 Rxa8 38. Ng2 Qxh3+ 39. Kg1 Rc8 40. Qd7 Rc3 41. Rae1 Rf3 42. Re3 Qh5 43. Qd8 g3 44. fxg3 Rxf1+ 45. Kxf1 Qf5+ 1-0

[Event "FIDE Rating Open 2024"]
[Site "Dhaka"]
[Date "2024.01.20"]
[Round "6.5"]
[White "Uddin, Saif"]
[Black "Saiful Islam, Chowdhury"]
[Result "0-1"]
[ECO "A05"]
[WhiteElo "1938"]
[BlackElo "2130"]
[Annotator "NA RC"]
[PlyCount "75"]
[EventDate "2024.01.16"]
[EventType "swiss"]
[EventCountry "BAN"]
[SourceTitle "playchess.com"]
[Source "ChessBase"]
[SourceQuality "1"]
[TimeControl "5400+30"]

1. Nf3 Nf6 2. b3 e6 3. e3 b6 4. Bb2 Bb7 5. c4 Nc6 6. Be2 Be7 7. O-O O-O 8. d4 d5 9. Nbd2 a5 10. a3 Bd6 11. Qc2 Re8 12. c5 Bf8 13. Bb5 bxc5 14. dxc5 Nd7 15. Bxc6 Bxc6 16. Nd4 Nb8 17. b4 Qd7 18. Rfc1 axb4 19. axb4 Rxa1 20. Bxa1 e5 21. Nxc6 Nxc6 22. Qa4 d4 23. exd4 exd4 24. Nf3 Qd5 25. h3 Rd8 26. Rd1 d3 27. Bc3 f6 28. Ne1 Qe4 29. Qb3+ Kh8 30. b5 d2 31. Nf3 Ne5 32. Bxe5 fxe5 33. b6 cxb6 34. cxb6 Bb4 35. Qe6 Qc2 36. Nxe5 Qxd1+ 37. Kh2 Bd6 38. Qb3 0-1

[Event "FIDE Rating Open 2024"]
[Site "Dhaka"]
[Date "2024.01.20"]
[Round "6.6"]
[White "Ahmed, Shafiq"]
[Black "Sajidul, Haque"]
[Result "1/2-1/2"]
[ECO "D47"]
[WhiteElo "2082"]
[BlackElo "1922"]
[Annotator "NA"]
[PlyCount "122"]
[EventDate "2024.01.16"]
[EventType "swiss"]
[EventCountry "BAN"]
[SourceTitle "playchess.com"]
[Source "ChessBase"]
[SourceQuality "1"]
[TimeControl "5400+30"]

1. d4 Nf6 2. c4 c6 3. Nc3 d5 4. e3 e6 5. Nf3 Nbd7 6. Bd3 dxc4 7. Bxc4 b5 8. Bd3 Bd6 9. e4 e5 10. d5 cxd5 11. Nxb5 Bb4+ 12. Bd2 Bxd2+ 13. Qxd2 O-O 14. O-O dxe4 15. Bxe4 Nxe4 16. Qd5 Ba6 17. Rfd1 Nef6 18. Qc6 Qb6 19. Qxb6 axb6 20. Nc7 Ra7 21. Nxa6 Rxa6 22. Rd6 Rc8 23. Rad1 h6 24. a3 Kf8 25. h4 Ke7 26. g4 g5 27. hxg5 hxg5 28. Ne1 Ra4 29. f3 Rcc4 30. Ng2 Rd4 31. R6xd4 exd4 32. Ne1 Ne5 33. Kf2 d3 34. Nxd3 Rd4 35. Re1 Rxd3 36. Rxe5+ Kd6 37. Rxg5 Rd5 38. Rg7 Ke7 39. g5 Nh5 40. Rg8 Rd8 41. Rxd8 Kxd8 42. Ke3 Kd7 43. Ke4 Ke6 44. a4 Ng3+ 45. Kd3 Kd5 46. b4 Nf5 47. a5 b5 48. a6 Kc6 49. Ke4 Nh4 50. f4 Kb6 51. f5 Kxa6 52. Kf4 Kb6 53. Kg4 Ng2 54. g6 Ne3+ 55. Kf4 Nd5+ 56. Ke5 fxg6 57. fxg6 Ne7 58. g7 Kc7 59. Ke6 Kd8 60. Kd6 Nf5+ 61. Kc5 Nxg7 1/2-1/2

[Event "FIDE Rating Open 2024"]
[Site "Dhaka"]
[Date "2024.01.21"]
[Round "7.1"]
[White "Mohammad Minhaz Uddin"]
[Black "Zia, Tahsin Tajwar"]
[Result "1/2-1/2"]
[ECO "B13"]
[WhiteElo "2224"]
[BlackElo "2275"]
[Annotator "RC"]
[PlyCount "123"]
[EventDate "2024.01.16"]
[EventType "swiss"]
[EventCountry "BAN"]
[SourceTitle "playchess.com"]
[Source "ChessBase"]
[SourceQuality "1"]
[TimeControl "5400+30"]

1. e4 c6 2. d4 d5 3. exd5 cxd5 4. c4 Nf6 5. Nc3 Nc6 6. Nf3 a6 7. Bg5 Be6 8. Be2 g6 9. Ne5 Nxe5 10. dxe5 Ne4 11. Nxe4 dxe4 12. Qa4+ Bd7 13. Qa3 Qc7 14. O-O-O Be6 15. Rd2 h6 16. Bh4 Bg7 17. Rhd1 g5 18. Bg3 Bxe5 19. Qa4+ Kf8 20. Qb4 Bxg3 21. hxg3 e3 22. fxe3 Kg7 23. Qc3+ f6 24. Qb4 Rhe8 25. Bh5 Red8 26. Rxd8 Rxd8 27. Rxd8 Qxd8 28. Bf3 Qc7 29. Qxb7 Qxc4+ 30. Kd2 Qc5 31. Qxa6 Qb4+ 32. Kd1 Bf5 33. Qa3 Qc4 34. Qxe7+ Kg6 35. Qe8+ Kg7 36. Qe7+ Kg6 37. e4 Qd4+ 38. Kc2 Qc4+ 39. Kd2 Qd4+ 40. Ke1 Bd7 41. Qa3 Bb5 42. Qc3 Qg1+ 43. Kd2 Qf2+ 44. Kc1 Qf1+ 45. Kc2 Qf2+ 46. Qd2 Qxg3 47. Qd5 Qc7+ 48. Kb1 Bc4 49. Qd1 Qa7 50. b3 Be6 51. Bh5+ Kg7 52. Bf3 Qe3 53. Qc1 Qd4 54. Qd1 Qe3 55. Qe2 Qg1+ 56. Kb2 Qd4+ 57. Ka3 Qa7+ 58. Kb4 Qd4+ 59. Ka3 Qa7+ 60. Kb2 Qd4+ 61. Kb1 Qg1+ 62. Qd1 1/2-1/2

[Event "FIDE Rating Open 2024"]
[Site "Dhaka"]
[Date "2024.01.21"]
[Round "7.2"]
[White "Anata, Choudhury"]
[Black "Subrota, Biswas"]
[Result "1-0"]
[ECO "C63"]
[WhiteElo "2196"]
[BlackElo "2223"]
[Annotator "ChessBase"]
[PlyCount "122"]
[EventDate "2024.01.16"]
[EventType "swiss"]
[EventCountry "BAN"]
[SourceTitle "playchess.com"]
[Source "ChessBase"]
[SourceQuality "1"]
[TimeControl "5400+30"]

1. e4 e5 2. Nf3 Nc6 3. Bb5 f5 4. d3 fxe4 5. dxe4 Nf6 6. O-O d6 7. Bc4 Na5 8. Be2 Be7 9. b4 Nc6 10. b5 Nb8 11. Ng5 d5 12. exd5 Nxd5 13. Bc4 c6 14. bxc6 bxc6 15. Qf3 Bxg5 16. Bxg5 Qxg5 17. Bxd5 Qf6 18. Be4 O-O 19. Nc3 Qh6 20. Qe3 Qxe3 21. fxe3 Rxf1+ 22. Rxf1 Be6 23. Rd1 Na6 24. Rd6 Nc5 25. Bxc6 Rc8 26. Ne4 Nxe4 27. Bxe4 Bxa2 28. Ra6 Bf7 29. Rxa7 Kf8 30. Kf2 Bg6 31. Bxg6 hxg6 32. Ra2 Kf7 33. Ke2 Kf6 34. Kd2 Rd8+ 35. Kc1 Kf5 36. Ra4 Rd7 37. h4 Rd8 38. g4+ Ke6 39. Ra6+ Kf7 40. Ra7+ Kf6 41. e4 Rh8 42. g5+ Ke6 43. Rxg7 Rxh4 44. Rxg6+ Ke7 45. Rc6 Rxe4 46. Kd2 Kf7 47. g6+ Kg7 48. c4 Rg4 49. c5 Rc4 50. Kd3 Rc1 51. Ke3 Rc4 52. Kd3 Rc1 53. Ke4 Re1+ 54. Kd5 e4 55. Kd4 e3 56. Kd3 Kh6 57. Re6 Kg7 58. Rxe3 Rc1 59. Kd4 Kxg6 60. Rf3 Kh6 61. Ke4 Re1+ 1-0

[Event "FIDE Rating Open 2024"]
[Site "Dhaka"]
[Date "2024.01.21"]
[Round "7.3"]
[White "abzid, Rahman"]
[Black "Rahman, Ziaur"]
[Result "0-1"]
[ECO "E13"]
[WhiteElo "2004"]
[BlackElo "2428"]
[Annotator "RC"]
[PlyCount "88"]
[EventDate "2024.01.16"]
[EventType "swiss"]
[EventCountry "BAN"]
[SourceTitle "playchess.com"]
[Source "ChessBase"]
[SourceQuality "1"]
[TimeControl "5400+30"]

1. d4 Nf6 2. c4 e6 3. Nc3 Bb4 4. Nf3 b6 5. Bg5 h6 6. Bh4 g5 7. Bg3 Ne4 8. Qc2 Bb7 9. Nd2 Bxc3 10. bxc3 f5 11. e3 d6 12. f3 Nxg3 13. hxg3 Qf6 14. a4 O-O 15. a5 Nd7 16. Qa4 Rad8 17. axb6 axb6 18. Qb3 Ra8 19. Rxa8 Rxa8 20. Bd3 Kg7 21. O-O h5 22. Qb5 Qe7 23. e4 Ra2 24. Rf2 Ra5 25. Qb2 fxe4 26. fxe4 Nf6 27. c5 dxc5 28. Nc4 Ra8 29. Ne5 Rf8 30. Qe2 g4 31. Qe3 Nh7 32. Ra2 cxd4 33. cxd4 Qg5 34. Qxg5+ Nxg5 35. Ra7 Bxe4 36. Rxc7+ Kh6 37. Bxe4 Nxe4 38. Rc6 Nxg3 39. Rxe6+ Kg5 40. Kh2 Rf1 41. Nf3+ gxf3 42. Kxg3 h4+ 43. Kh2 f2 44. Re2 Rh1+ 0-1

[Event "FIDE Rating Open 2024"]
[Site "Dhaka"]
[Date "2024.01.21"]
[Round "7.4"]
[White "Saiful Islam, Chowdhury"]
[Black "Md, Sariatullah"]
[Result "1-0"]
[ECO "B20"]
[WhiteElo "2130"]
[BlackElo "2004"]
[Annotator "RC"]
[PlyCount "119"]
[EventDate "2024.01.16"]
[EventType "swiss"]
[EventCountry "BAN"]
[SourceTitle "playchess.com"]
[Source "ChessBase"]
[SourceQuality "1"]
[TimeControl "5400+30"]

1. e4 c5 2. Nf3 e6 3. Nc3 a6 4. a4 Qc7 5. Bc4 Nc6 6. O-O Nf6 7. Re1 d6 8. d4 cxd4 9. Nxd4 Be7 10. Nxc6 bxc6 11. a5 O-O 12. Bd3 e5 13. h3 Bb7 14. f4 Rfe8 15. Qf3 Nd7 16. Rf1 d5 17. Kh1 Nf6 18. fxe5 Qxe5 19. exd5 cxd5 20. Bf4 Qe6 21. Rae1 Qd7 22. Be5 Bd8 23. Qg3 Rxe5 24. Qxe5 Bc7 25. Qe7 Qc6 26. Rxf6 gxf6 27. Bxh7+ Kg7 28. Bf5 Qd6 29. Qxd6 Bxd6 30. Kg1 Bb4 31. Ra1 Re8 32. Ra4 Bc5+ 33. Kf1 d4 34. Nd1 Bc6 35. Ra1 Bb5+ 36. Bd3 Bxd3+ 37. cxd3 Bb4 38. Nf2 Re3 39. g4 Re5 40. Ra4 Rb5 41. Ne4 Kg6 42. Ke2 Bxa5 43. Kf3 f5 44. Nd6 fxg4+ 45. hxg4 Rd5 46. Nc4 Bc7 47. Rxa6+ Kg5 48. Ra7 Rc5 49. b4 Rc6 50. b5 Rf6+ 51. Ke4 Bh2 52. b6 Kxg4 53. b7 Re6+ 54. Kd5 Re1 55. Ra2 Bf4 56. Rf2 Rb1 57. Kc6 f5 58. Rxf4+ Kxf4 59. Nb6 Rc1+ 60. Kd5 1-0

[Event "FIDE Rating Open 2024"]
[Site "Dhaka"]
[Date "2024.01.21"]
[Round "7.5"]
[White "Abu Sufian, Shakil"]
[Black "Ahmed, Shafiq"]
[Result "1-0"]
[ECO "C11"]
[WhiteElo "2199"]
[BlackElo "2082"]
[Annotator "RC"]
[PlyCount "143"]
[EventDate "2024.01.16"]
[EventType "swiss"]
[EventCountry "BAN"]
[SourceTitle "playchess.com"]
[Source "ChessBase"]
[SourceQuality "1"]
[TimeControl "5400+30"]

1. e4 e6 2. d4 d5 3. Nc3 Nf6 4. e5 Nfd7 5. f4 c5 6. Nf3 Nc6 7. Be3 Qb6 8. Na4 Qa5+ 9. c3 c4 10. b4 Qc7 11. Be2 Ne7 12. O-O b6 13. Nb2 a6 14. a4 Nf5 15. Bf2 Be7 16. Qe1 Nf8 17. Bd1 Ng6 18. g3 Bd7 19. Bc2 Nh6 20. h3 O-O-O 21. a5 b5 22. Nd1 f5 23. Be3 Rdg8 24. Ra2 Nf8 25. Bb1 Be8 26. Rg2 Bh5 27. Nh2 Bxd1 28. Qxd1 Nf7 29. g4 g6 30. Kh1 Nh6 31. Rfg1 Bd8 32. gxf5 exf5 33. Qf3 Qd7 34. Nf1 Ne6 35. Bd2 Be7 36. Ne3 Rd8 37. Bc2 Bxb4 38. cxb4 Nxd4 39. Qf1 Nxc2 40. Nxc2 d4 41. Qf2 Qd5 42. Rd1 Qe4 43. Bc1 d3 44. Qc5+ Kb8 45. Qb6+ Qb7 46. Qxb7+ Kxb7 47. Ne1 Rd4 48. Nf3 Re4 49. Ng5 Kc6 50. Bd2 Kd5 51. Kh2 Rc8 52. Rc1 Ng8 53. Nxh7 Ne7 54. Nf6+ Ke6 55. Kg3 Rh8 56. Re1 Rd4 57. Bc3 Rdd8 58. h4 Nc6 59. Kh3 Rh6 60. Reg1 Ne7 61. h5 gxh5 62. Rg7 d2 63. Bxd2 Rxd2 64. Rxe7+ Kxe7 65. Ng8+ Ke6 66. Nxh6 Rd4 67. Rg6+ Kd7 68. e6+ Kc6 69. Nxf5 Rd3+ 70. Kh4 c3 71. e7+ Kd7 72. Rg8 1-0

[Event "FIDE Rating Open 2024"]
[Site "Dhaka"]
[Date "2024.01.21"]
[Round "7.6"]
[White "Ahmed, Sheikh Nasir"]
[Black "Noshin, Anjum"]
[Result "1-0"]
[ECO "A25"]
[WhiteElo "2182"]
[BlackElo "1964"]
[Annotator "RC"]
[PlyCount "71"]
[EventDate "2024.01.16"]
[EventType "swiss"]
[EventCountry "BAN"]
[SourceTitle "playchess.com"]
[Source "ChessBase"]
[SourceQuality "1"]
[TimeControl "5400+30"]

1. c4 e5 2. e3 Nc6 3. Nc3 f5 4. d4 Bb4 5. Nge2 e4 6. a3 Bxc3+ 7. Nxc3 Nf6 8. b4 O-O 9. Be2 d6 10. O-O a5 11. Rb1 axb4 12. axb4 Bd7 13. f4 Ne7 14. d5 Kh8 15. Bb2 Ng6 16. Qd4 Qe7 17. Ra1 b6 18. Rfc1 Rfb8 19. Nd1 Qf7 20. Nf2 Ne7 21. b5 Qe8 22. h3 Qg6 23. Kh2 h5 24. g3 Kg8 25. Qd1 Kf7 26. Rxa8 Rxa8 27. Ra1 Rh8 28. Ra7 Ne8 29. Bd4 h4 30. g4 fxg4 31. Bxg4 Bxg4 32. Qxg4 Qxg4 33. hxg4 Kg6 34. Kh3 Ng8 35. Nxe4 Ngf6 36. f5+ 1-0

[Event "FIDE Rating Open 2024"]
[Site "Dhaka"]
[Date "2024.01.22"]
[Round "8.1"]
[White "Zia, Tahsin Tajwar"]
[Black "Rahman, Ziaur"]
[Result "1/2-1/2"]
[WhiteElo "2275"]
[BlackElo "2428"]
[Annotator "TA"]
[PlyCount "29"]
[EventDate "2024.01.16"]
[EventType "swiss"]
[EventCountry "BAN"]
[SourceTitle "playchess.com"]
[Source "ChessBase"]
[SourceQuality "1"]
[TimeControl "5400+30"]

1. c4 g6 2. Nc3 Bg7 3. d4 Nf6 4. g3 O-O 5. Bg2 d6 6. Nf3 c6 7. e4 Be6 {[%emt 0:00:09] [#]  7...Bg4 is the modern continuation. E62: King's Indian: Fianchetto: 6...c6 and Panno Variation (6...Nc6) without ...a6.} {Predecessor:} 8. Qe2 $146 c5 9. d5 Bg4 10. h3 Bxf3 11. Bxf3 Nfd7 12. Bg2 Na6 13. O-O Nc7 14. Bd2 a6 15. f4 {0-1 Lazavik,D (2553)-Caruana,F (2782) Bullet Chess Losers blitz 2023 (1.17)} 1/2-1/2

[Event "FIDE Rating Open 2024"]
[Site "Dhaka"]
[Date "2024.01.22"]
[Round "8.2"]
[White "Saiful Islam, Chowdhury"]
[Black "Mohammad Minhaz Uddin"]
[Result "0-1"]
[ECO "C43"]
[WhiteElo "2130"]
[BlackElo "2224"]
[Annotator "TA"]
[PlyCount "46"]
[EventDate "2024.01.16"]
[EventType "swiss"]
[EventCountry "BAN"]
[SourceTitle "playchess.com"]
[Source "ChessBase"]
[SourceQuality "1"]
[TimeControl "5400+30"]

1. e4 e5 2. d4 Nf6 3. dxe5 Nxe4 4. Bd3 Nc5 5. Nf3 d5 6. Nc3 {[%emt 0:04:07][%cal Oc3d5] C43: Petroff Defence: 3 d4.} c6 7. h3 Be7 {[%emt 0:00:00] [#]} 8. a3 $146 {[%emt 0:01:01] The position is equal.} ({Predecessor:} 8. O-O Nxd3 9. Qxd3 O-O 10. Nd4 Nd7 11. Re1 Nc5 12. Qg3 Bh4 13. Qf3 Ne6 14. Nf5 Ng5 15. Bxg5 Bxg5 16. Rad1 Be7 17. Ne4 Bxf5 18. Qxf5 Qc8 19. Ng3 Qxf5 20. Nxf5 {½-½ Brenjo,S (2482)-Pezelj,N (2410) SRB-chT Palic 2014 (4.3)}) 8... a5 9. Ne2 f5 (9... Nbd7 $11) 10. h4 O-O 11. Bf4 Nba6 12. Ng3 (12. c3 $11) 12... Ne4 13. Ng5 {[%emt 0:05:35][%cal Rd3e4] [#] Black must now prevent Bxe4.} h6 14. Qe2 $2 {[%emt 0:13:03][%mdl 8192] Loses the game.} hxg5 $19 15. hxg5 Bxg5 16. Qh5 $2 (16. Nh5) 16... Bxf4 17. Qh7+ Kf7 18. Nxe4 fxe4 19. Be2 Qg5 20. Bh5+ Ke7 21. Bg6 Qxe5 (21... Bd2+ $142 22. Kd1 Bg4+ 23. f3 Rxf3 24. gxf3 Bxf3#) 22. g3 Bg5 23. Rh5 Be6 {[%emt 0:00:00] Weighted Error Value: White=1.47/Black=0.57} 0-1

[Event "FIDE Rating Open 2024"]
[Site "Dhaka"]
[Date "2024.01.22"]
[Round "8.3"]
[White "Abu Sufian, Shakil"]
[Black "Anata, Choudhury"]
[Result "1-0"]
[ECO "B51"]
[WhiteElo "2199"]
[BlackElo "2196"]
[Annotator "RC"]
[PlyCount "77"]
[EventDate "2024.01.16"]
[EventType "swiss"]
[EventCountry "BAN"]
[SourceTitle "playchess.com"]
[Source "ChessBase"]
[SourceQuality "1"]
[TimeControl "5400+30"]

1. e4 c5 2. Nf3 d6 3. Bb5+ Nd7 4. a4 Ngf6 5. Nc3 g6 6. a5 a6 7. Bc4 Bh6 8. d3 Bxc1 9. Qxc1 O-O 10. h4 e6 11. h5 d5 12. exd5 exd5 13. Nxd5 Nxd5 14. Bxd5 Nf6 15. Bb3 Re8+ 16. Kf1 Be6 17. Bxe6 Rxe6 18. hxg6 fxg6 19. Ng5 Re5 20. Nf3 Rf5 21. Qb1 Qd7 22. Qa2+ Kg7 23. Re1 Re8 24. Qc4 g5 25. Qc3 Rxe1+ 26. Qxe1 Nd5 27. Ne5 Qa4 28. b3 Qd4 29. Nc4 Qf6 30. Kg1 g4 31. g3 Nb4 32. Qe4 Nxc2 33. Nd6 Re5 34. Qxg4+ Qg6 35. Qd7+ Kg8 36. Qc8+ Kg7 37. Qxb7+ Kf8 38. Rxh7 Re1+ 39. Kh2 1-0

[Event "FIDE Rating Open 2024"]
[Site "Dhaka"]
[Date "2024.01.22"]
[Round "8.4"]
[White "Subrota, Biswas"]
[Black "Ahmed, Sheikh Nasir"]
[Result "1-0"]
[ECO "B48"]
[WhiteElo "2223"]
[BlackElo "2182"]
[Annotator "RC"]
[PlyCount "91"]
[EventDate "2024.01.16"]
[EventType "swiss"]
[EventCountry "BAN"]
[SourceTitle "playchess.com"]
[Source "ChessBase"]
[SourceQuality "1"]
[TimeControl "5400+30"]

1. e4 c5 2. Nf3 e6 3. d4 cxd4 4. Nxd4 Nc6 5. Nc3 Qc7 6. Be3 a6 7. g4 h6 8. h4 b5 9. Nxc6 Qxc6 10. Qd2 b4 11. Ne2 Qxe4 12. Rg1 Qc4 13. Nf4 Qc7 14. O-O-O Bb7 15. Bb6 Qc8 16. Bd4 Nf6 17. Bxf6 gxf6 18. Nh5 Be7 19. Qf4 Qd8 20. Be2 Rc8 21. Rd2 Qa5 22. Nxf6+ Bxf6 23. Qxf6 Qxa2 24. Qxh8+ Ke7 25. Rxd7+ Kxd7 26. Rd1+ Ke7 27. Qe5 Bd5 28. g5 hxg5 29. hxg5 Qa4 30. Qf6+ Kd6 31. Qf4+ Ke7 32. c4 Qa1+ 33. Kc2 Qa4+ 34. Kc1 Qa1+ 35. Kc2 Qa4+ 36. Kd2 Bxc4 37. Qf6+ Ke8 38. g6 Rd8+ 39. Ke1 Rxd1+ 40. Bxd1 b3 41. gxf7+ Kf8 42. Qd8+ Kxf7 43. Bh5+ Kg7 44. Qg5+ Kh7 45. Qg6+ Kh8 46. Qf6+ 1-0

[Event "FIDE Rating Open 2024"]
[Site "Dhaka"]
[Date "2024.01.22"]
[Round "8.5"]
[White "Mohammad, Javed"]
[Black "Rahman, Syed Mahfuzur"]
[Result "0-1"]
[ECO "D46"]
[WhiteElo "2088"]
[BlackElo "2087"]
[Annotator "TA"]
[PlyCount "94"]
[EventDate "2024.01.16"]
[EventType "swiss"]
[EventCountry "BAN"]
[SourceTitle "playchess.com"]
[Source "ChessBase"]
[SourceQuality "1"]
[TimeControl "5400+30"]

1. d4 d5 2. Nf3 Nf6 3. c4 e6 4. Nc3 Nbd7 5. e3 c6 6. Qc2 Bd6 7. Bd3 O-O 8. O-O Re8 9. Rd1 Qe7 10. e4 dxe4 11. Bxe4 h6 {[%emt 0:05:31] The position is equal.} 12. h3 Nxe4 13. Nxe4 Bc7 14. Bd2 c5 15. Bc3 b6 16. dxc5 bxc5 17. Qa4 (17. Qd3 $11) 17... Nb6 $1 $15 18. Qc2 e5 $1 19. Ba5 (19. Re1 $11) 19... Bb7 20. Ne1 Rad8 (20... f5 $17 21. Ng3 g6) 21. Bxb6 axb6 22. Nc3 e4 {[%emt 0:02:33] Hoping for ...Qe5.} 23. Rxd8 Rxd8 24. Rd1 Rxd1 25. Nxd1 f5 {[%emt 0:00:36] Black is more active.} 26. Ne3 f4 27. Nd5 Bxd5 28. cxd5 {[%emt 0:00:02][%mdl 4096] Endgame. KQB-KQN} Qe5 29. Qc4 {[%emt 0:05:30] [#] d6+ would now be deadly.} Kf8 (29... Qxb2 30. d6+ (30. Qxe4 Qe5 $15) 30... Kh7 31. Qxe4+ (31. dxc7 Qd4 $18) 31... g6 32. dxc7 Qg7 33. c8=Q (33. c8=R Qf7 $18) 33... c4 34. Qeb7 (34. Qxf4 c3 35. Nf3 c2 36. Qxc2 Qa1+ 37. Kh2 Qg7 38. Qcc7 Kh8 39. Qxg7+ Kxg7 40. Ne5 Kh8 41. Qf7 h5 42. Nxg6#) (34. Qcxc4 f3 35. Qxf3 Kh8 36. Qcf7 Kh7 37. Q3f6 Qxf7 38. Qxf7+ Kh8 39. Nd3 h5 40. Ne5 h4 41. Nxg6#) 34... Qxb7 35. Qxb7+) 30. f3 (30. Nc2 $15) 30... exf3 ({Much weaker is} 30... Qxb2 $6 31. fxe4 Bd6 32. Kf1 $11) (30... e3 $17 31. Nd3 Qd4 32. Qxd4 cxd4) 31. Nxf3 $11 Qxb2 32. Qa6 Qa1+ 33. Kf2 {[%emt 0:01:05] [#] Strongly threatening Qc8+.} Qf6 34. Qc8+ Qd8 35. Qf5+ Qf6 36. Qc8+ Qd8 (36... Bd8 $5) 37. Qf5+ Kg8 38. Qe6+ Kh7 39. Qf5+ Kg8 40. Qe6+ Kh7 41. Qf5+ Kh8 42. Ne5 Bxe5 (42... Qxd5 $2 {is the wrong capture.} 43. Ng6+ Kh7 44. Qxd5 $18) 43. Qxe5 c4 44. d6 {[%emt 0:00:16][%cal Oe5e7] Qe7! is the strong threat.} c3 45. Qxf4 (45. Qe7 $5 Qg8 $8 46. d7 $11) 45... c2 46. d7 $2 {[%emt 0:01:34][%mdl 8192] Repels Qc8} Qxd7 $19 47. Qc4 {[%emt 0:00:23] Dodges Qb5} Qd2+ {[%emt 0:01:51] Weighted Error Value: White=0.47/Black=0.09 (flawless) .  Loses game:     	White=1     	---        Mistake:       	White=3     	Black=2      Inaccurate:     	White=4     	Black=1      OK:         	White=14    	Black=11     Best:        	White=1     	Black=1      Strong:       	---       	Black=2} 0-1